 Dungeon Crawl Stone Soup version 0.29.1-13-g9f3cf754e1 (webtiles) character file.

Game seed: 6664742696831734462

136 Chiseanne the Trooper (level 4, -4/38 HPs)
             Began as a Demonspawn Wanderer on Jan 30, 2023.
             Killed from afar by Ijyb (17 damage)
             ... with a bolt of acid
             ... on level 3 of the Dungeon.
             The game lasted 00:03:49 (2690 turns).

Chiseanne the Trooper (Demonspawn Wanderer)         Turns: 2690, Time: 00:03:50

Health: -4/38      AC:  3    Str: 15    XL:     4   Next: 98%
Magic:  13/13      EV:  8    Int: 11    God:
Gold:   119        SH:  9    Dex: 14    Spells: 3/3 levels left

rFire   . . .      SeeInvis .   a - +0 rapier
rCold   . . .      Faith    .   g - +0 kite shield
rNeg    . . .      Spirit   .   f - +0 scale mail
rPois   .          Reflect  .   (no helmet)
rElec   .          Harm     .   k - +0 cloak
rCorr   .          Rampage  .   (no gloves)
Will    .....                   (no boots)
Stlth   ..........              (no amulet)
HPRegen 0.12/turn               i - ring of magical power
MPRegen 0.13/turn               (no ring)

@: corroded
A: claws 1, spiny 1
a: no special abilities


You were on level 3 of the Dungeon.
You visited 1 branch of the dungeon, and saw 3 of its levels.

You collected 119 gold pieces.

Inventory:

Hand Weapons
 a - a +0 rapier (weapon)
Missiles
 m - 5 poisoned darts (quivered)
 n - 16 stones
 p - 3 boomerangs
Armour
 f - a +0 scale mail (worn)
 g - a +0 kite shield (worn)
 k - a +0 cloak (worn)
Jewellery
 i - a ring of magical power (left claw)
Scrolls
 b - a scroll of teleportation
 d - a scroll of blinking
 h - a scroll of immolation
 q - a scroll of fear
Potions
 c - a potion of magic {unknown}
 e - a potion of heal wounds {unknown}
 j - a potion of attraction {unknown}
 l - 6 potions of curing
 o - a potion of haste {unknown}


   Skills:
 * Level 4.6 Fighting
 * Level 1.8 Armour
 * Level 2.2 Dodging
 * Level 3.5 Shields
 - Level 1.0 Unarmed Combat
 - Level 1.0 Evocations


You had 3 spell levels left.
You didn't know any spells.
Your spell library contained the following spells:

 Spells                   Type           Power      Damage    Failure   Level
 Necrotise                Necr           0%         1d4       99%         1
 Poisonous Vapours        Pois/Air       0%         N/A       100%        2
 Sublimation of Blood     Necr           0%         N/A       100%        2
 Wereblood                Tmut           0%         N/A       100%        2
 Vampiric Draining        Necr           0%         2d6       100%        3
 Corpse Rot               Necr/Pois/Air  0%         N/A       100%        4
 Agony                    Necr           0%         N/A       100%        5
 Summon Hydra             Summ           0%         N/A       100%        7


Dungeon Overview and Level Annotations

Branches:
Dungeon (3/15)

Altars:
Dithmenos

Annotations:
D:3 Ijyb


Innate Abilities, Weirdness & Mutations

You have sharp fingernails.
You are partially covered in sharp spines.


Message History

You hit the goblin.
The goblin is severely wounded.
The goblin is struck by your spines.
You kill the goblin!
No target in view!
No target in view!
No target in view!
No target in view!
No target in view!
No target in view!
No target in view!
No target in view!
No target in view!
No target in view!
No target in view!
No target in view!
No target in view!
No target in view!
No target in view!
No target in view!
No target in view!
You see here a +0 mace.
You now have 119 gold pieces (gained 4).
Ijyb the Twisted Goblin comes into view.
She is wielding a +0 dagger and carrying a wand of acid (7).
Ijyb shouts!
You start waiting.
Ijyb is nearby!
You barely miss Ijyb.
Ijyb zaps a wand.
The bolt of acid hits you!!
Ouch! That really hurt!
The acid corrodes you!
You hit Ijyb.
Ijyb is lightly wounded.
Ijyb is struck by your spines. Ijyb hits you with a +0 dagger.
You closely miss Ijyb.
Ijyb is lightly wounded.
Ijyb hits you with a +0 dagger. You block Ijyb's attack.
You hit Ijyb but do no damage.
Ijyb is lightly wounded.
Ijyb zaps a wand.
The bolt of acid hits you!
You die...

.. ### #g# ..#
..## #.# # ...#
#.# ## #..##.#
.## #..#.#
..#### #.#@###
...... #.g...##
..###.
##.##..##
......
.....###..###
###### .....#
##...# #
.......# ###.#
#
#####..####...#
# ####
##.......#####
###.....
........)....#


You could see Ijyb.

Vanquished Creatures
  Terence (D:3)
  6 adders
  A worm (D:3)
  A dart slug (D:1)
  4 ball pythons
  2 endoplasms (D:1)
  3 giant cockroaches
  10 goblins
  3 hobgoblins
  5 jackals (D:1)
  A quokka (D:2)
  4 bats
  3 frilled lizards
  4 kobolds
  5 rats
53 creatures vanquished.

Notes
Turn   | Place    | Note
-------+----------+-------------------------------------------
     0 | D:1      | Chiseanne the Demonspawn Wanderer began the quest for the
                  | Orb.
     0 | D:1      | Chiseanne set off with the following items: a +0 club, a
                  | scroll of teleportation, a scroll of vulnerability, a
                  | scroll of blinking, a +0 leather armour, a +2 buckler.
     0 | D:1      | Reached XP level 1. HP: 19/19 MP: 1/1
   422 | D:1      | Found a faded altar of an unknown god.
   466 | D:1      | Gained mutation: You are partially covered in sharp spines.
                  | [demonic ancestry]
   466 | D:1      | Reached XP level 2. HP: 25/25 MP: 2/2
   878 | D:1      | Reached skill level 1 in Armour
  1332 | D:2      | Gained mutation: You have sharp fingernails. [demonic
                  | ancestry]
  1332 | D:2      | Reached XP level 3. HP: 29/30 MP: 3/3
  1620 | D:2      | Found a shadowy altar of Dithmenos.
  1643 | D:2      | Reached XP level 4. HP: 37/38 MP: 4/4
  2210 | D:3      | Noticed Terence
  2250 | D:3      | Killed Terence
  2680 | D:3      | Noticed Ijyb
  2690 | D:3      | Killed from afar by Ijyb

Illustrated notes

Levels and vault maps discovered:
D:1:      matt_arrival_refuge, layout_basic,
          shapermc_ecumenical_altar_notcrosses
D:2:      layout_basic, basic_altar, minivault_27, minmay_misc_feat_cross
D:3:      layout_rooms, uniq_terence, uniq_grinder, uniq_ijyb

Skill      XL: |  1  2  3  4 |
---------------+-------------+-----
Shields        | 3 |  3.5
Armour         | 1 |  1.8
Dodging        | 2 |  2.2
Fighting       | |  4.6
Unarmed Combat | |  1.0
Evocations     | |  1.0

Action                   |  1- 3 |  4- 6 || total
-------------------------+-------+-------++-------
Melee: Spear             |    87 |       ||    87
       Club              |    11 |       ||    11
       Rapier            |    14 |    72 ||    86
  Use: Scroll            |     4 |     1 ||     5
Armor: Ring mail         |    37 |    14 ||    51
       Leather armour    |     2 |       ||     2
       Scale mail        |       |     2 ||     2
Dodge: Dodged            |    48 |    24 ||    72
Block: Buckler           |    32 |    10 ||    42
       Kite shield       |       |    14 ||    14
